 Dungeon Crawl Stone Soup version 0.24-a0-520-g8fd06ad0bc (console) character file.

Game seed: 15382775399891768297

1 nht the Insei (level 1, 0/14 HPs)
             Began as a Vampire Transmuter on July 26, 2019.
             Succumbed to an adder's poison
             ... on level 2 of the Dungeon.
             The game lasted 00:00:25 (20 turns).

nht the Insei (Vampire Transmuter)                    Turns: 20, Time: 00:00:26

Health: 0/14       AC:  2    Str:  9    XL:     1   Next: 16%
Magic:  2/3        EV: 12    Int: 15    God:
Gold:   0          SH:  0    Dex: 14    Spells: 3/4 levels left

rFire    . . .     SeeInvis +     - Unarmed
rCold    . . .     Gourm    .   (no shield)
rNeg     . . .     Faith    .   b - +0 robe
rPois    .         Spirit   .   (no helmet)
rElec    .         Reflect  .   (no cloak)
rCorr    .         Harm     .   (no gloves)
MR       .....                  (boots currently unavailable)
Stlth    +.........             (no amulet)
HPRegen  0.24/turn              (no ring)
MPRegen  0.08/turn              (no ring)

@: lethally poisoned (0 -> -1), appendage (expiring), regenerating quickly
A: no food, fangs 3, talons 3, see invisible, unbreathing
a: Exsanguinate, End Transformation


You were on level 2 of the Dungeon.
You were alive.
You had grown temporary talons.
You visited 1 branch of the dungeon, and saw 2 of its levels.

Inventory:

Missiles
 a - 12 arrows
Armour
 b - a +0 robe (worn)


   Skills:
 - Level 0.8 Fighting
 - Level 2.1 Dodging
 * Level 3.3 Unarmed Combat
 - Level 2.0 Spellcasting
 + Level 2.2 Transmutations


You had 3 spell levels left.
You knew the following spells:

 Your Spells              Type           Power        Failure   Level  Hunger
a - Beastly Appendage     Tmut           #.....       9%          1    N/A

Your spell library contained the following spells:

 Spells                   Type           Power        Failure   Level  Hunger
 Sticks to Snakes         Tmut           #.......     14%         2    N/A
 Spider Form              Tmut/Pois      #.........   38%         3    N/A
 Ice Form                 Ice/Tmut       #.......     80%         4    N/A
 Blade Hands              Tmut           #.........   94%         5    N/A

Dungeon Overview and Level Annotations

Branches:
Dungeon (1/15)

Altars:


Innate Abilities, Weirdness & Mutations

You do not eat.
Your natural rate of healing is unusually fast.
You have razor-sharp teeth.
You have supernaturally acute eyesight. (SInv)
You can survive without breathing.
You have claws for feet.


Message History

You hit the hobgoblin. You claw the hobgoblin.
You kill the hobgoblin!
You hit the adder. You bite the adder.
The adder is heavily wounded.
The adder closely misses you.
You hit the adder but do no damage.
The adder is heavily wounded.
The adder bites you.
You hit the adder but do no damage. Your kick misses the adder.
The adder is heavily wounded.
The adder bites you but does no damage. The adder bites you.
You completely miss the adder.
The adder is heavily wounded.
The adder bites you.
You are poisoned.
The adder poisons you! The hobgoblin hits you with a +0 club.
* * * LOW HITPOINT WARNING * * *
You aren't carrying any potions.
A bat comes into view.
You die...

.. .... .█.
..█..█... .█..█.█
.....█ █.█████..█
█........█
..███████S████████
█..g........█
.....██.@...█..
███. █.█......█ █
█...!..█.█
███......█ ......█
b.....█ ██...██
...█


You could see an adder, a hobgoblin and a bat (sleeping).

Vanquished Creatures
  A hobgoblin (D:2)
1 creature vanquished.

Notes
Turn   | Place    | Note
-------+----------+-------------------------------------------
     0 | D:1      | nht the Vampire Transmuter began the quest for the Orb.
     0 | D:1      | Reached XP level 1. HP: 14/14 MP: 3/3
     7 | D:1      | You fall into a shaft and drop 1 floor!
    20 | D:2      | Succumbed to an adder's poison

Levels and vault maps discovered:
D:1:      wander_arrival_lonely_grave, layout_loops_cross, kennysheep_boxes
D:2:      layout_loops_cross, minmay_misc_feat_hallway, minmay_door_square,
          fedhas_altar_4

Action                   || total
-------------------------++-------
Melee: Unarmed           ||     7
       Kick              ||     1
       Bite              ||     1
 Cast: Beastly Appendage ||     1
Armor: Robe              ||     1
Dodge: Dodged            ||     1

Table legend:
 A = Non-vault XP
 B = Vault XP
 C = Vault XP percentage of total XP
 D = Non-vault monster count
 E = Vault monster count
 F = Vault count percentage of total count
                 A         B        C        D         E       F
            +---------+---------+-------+---------+---------+-------
      Total |       2 |       0 |   0.0 |       1 |       0 |   0.0
            +---------+---------+-------+---------+---------+-------
        D:2 |       2 |       0 |   0.0 |       1 |       0 |   0.0
            +---------+---------+-------+---------+---------+-------
